 Dungeon Crawl Stone Soup version 0.31-a0-1074-g0b22e4e0f1 (webtiles) character file.

Game seed: 15412070910839627889

1770 monsoonserge the Skirmisher (level 9, -1/54 HPs)
             Began as an Octopode Artificer on Dec 6, 2023.
             Slain by a killer bee (3 damage)
             ... on level 7 of the Dungeon.
             The game lasted 00:24:53 (6398 turns).

monsoonserge the Skirmisher (Octopode Artificer)    Turns: 6398, Time: 00:24:54

Health: -1/54      AC:  5    Str: 15    XL:     9   Next: 7%
Magic:  9/9        EV: 13    Int: 14    God:
Gold:   155        SH:  0    Dex: 12    Spells: 8/8 levels left

rFire   . . .        b - +3 war axe (flame)
rCold   . . .        (no shield)
rNeg    . . .        (helmet restricted)
rPois   .            k - amulet of magic regeneration
rElec   .            g - +4 ring of protection
rCorr   .            (no ring)
SInv    .            (no ring)
Will    .....        (no ring)
Stlth   +++          (no ring)
HPRegen 0.29/turn    (no ring)
MPRegen 0.51/turn    (no ring)
                     (no ring)

%: no passive effects
@: lethally poisoned (-1 -> -5)
A: almost no armour, amphibious, 8 rings, camouflage 1, gelatinous body 1,
(nimble swimmer 1), tentacles
a: no special abilities


You were on level 7 of the Dungeon.
You visited 1 branch of the dungeon, and saw 7 of its levels.
You also visited: Sewer.

You collected 302 gold pieces.
You spent 147 gold pieces at shops.

Inventory:

Hand Weapons
 a - a +0 orcbow
 b - a +3 war axe of flaming (weapon)
 C - a +2 whip of freezing
 H - a +0 sling
Missiles
 x - 12 poisoned darts (quivered)
 D - 4 javelins
 F - 4 boomerangs
 G - 4 silver javelins
Jewellery
 g - a +4 ring of protection (left tentacle)
 k - an amulet of magic regeneration (around mantle)
Talismans
 t - a talisman of death
Wands
 c - a wand of charming (14)
 d - a wand of iceblast (5)
 f - a wand of flame (28)
 m - a wand of mindburst (23)
 z - a wand of digging (4)
 B - a wand of acid (5)
Scrolls
 e - 7 scrolls of teleportation
 h - 2 scrolls of revelation {unknown}
 i - a scroll of enchant weapon {unknown}
 n - a scroll of acquirement {unknown}
 o - a scroll of amnesia {unknown}
 p - a scroll of poison {unknown}
 s - 2 scrolls of identify {unknown}
 u - a scroll of vulnerability {unknown}
 v - a scroll of blinking
 w - 3 scrolls of noise {unknown}
 y - a scroll of brand weapon {unknown}
 E - a scroll of immolation {unknown}
Potions
 j - a potion of resistance {unknown}
 l - 2 potions of curing
 q - 5 potions of enlightenment
 r - a potion of mutation {unknown}
 A - 2 potions of magic {unknown}


   Skills:
 - Level 2.0 Fighting
 - Level 1.8(2.0) Axes
 - Level 0.6(1.3) Maces & Flails
 + Level 9.1 Ranged Weapons
 + Level 0.3 Throwing
 - Level 3.0 Dodging
 - Level 2.0 Stealth
 * Level 4.9 Unarmed Combat
 + Level 4.0 Evocations


You had 8 spell levels left.
You didn't know any spells.
Your spell library contained the following spells:

 Spells                   Type           Power      Damage    Failure   Level
 Summon Small Mammal      Summ           0%         N/A       28%         1
 Blink                    Tloc           0%         N/A       41%         2
 Lesser Beckoning         Tloc           0%         N/A       41%         2
 Momentum Strike          Conj/Tloc      0%         3d8       41%         2
 Call Canine Familiar     Summ           0%         N/A       65%         3
 Dazzling Flash           Conj/Hex       0%         N/A       65%         3
 Summon Guardian Golem    Hex/Summ       0%         N/A       65%         3
 Volatile Blastmotes      Fire/Tloc      0%         2d10      65%         3
 Anguish                  Hex/Necr       0%         N/A       96%         4
 Cause Fear               Hex            0%         N/A       96%         4
 Vhi's Electric Charge    Tloc/Air       0%         N/A       96%         4
 Arcjolt                  Conj/Air       0%         1d10      100%        5
 Iskenderun's Battlesphe  Conj           0%         2d6       100%        5
 Plasma Beam              Fire/Air       0%         2x1d10    100%        6
 Starburst                Conj/Fire      0%         6d3       100%        6
 Enfeeble                 Hex            0%         N/A       100%        7
 Maxwell's Capacitive Co  Air            0%         ∞         100%        8


Dungeon Overview and Level Annotations

Branches:
Dungeon (7/15)              Sewer (visited)
 Temple: D:4-7

Altars:
Ashenzari
Nemelex Xobeh
Uskayaw
Xom

Shops:
D:1 ?   D:5 :

Annotations:
D:5 Pikel


Innate Abilities, Weirdness & Mutations

You cannot wear most types of armour.
You are amphibious.
You can wear up to eight rings at the same time.
Your skin changes colour to match your surroundings (Stealth+).
Your rubbery body absorbs attacks. (AC +1, EV +1)
((You are camouflaged when in or above water. (Stealth+)))
You have tentacles for arms and can constrict up to eight enemies at once.


Message History

You squeeze the killer bee, but do no damage.
You barely miss the killer bee. You constrict the killer bee.
You feel very sick.
The killer bee stings you but does no damage.
The killer bee barely misses you. The killer bee stings you.
The killer bee closely misses you.
A killer bee comes into view.
The killer bee closely misses you. The killer bee barely misses you.
You hit the killer bee. You burn the killer bee. You squeeze the killer bee!
The killer bee is almost dead.
You hit the killer bee. You burn the killer bee. You constrict the killer bee.
You kill the killer bee!
You feel very sick. The killer bee misses you.
The killer bee closely misses you.
Unknown command.
You closely miss the killer bee.
The killer bee buzzes angrily.
Your grab misses the killer bee. Your squeeze misses the killer bee.
The killer bee is almost dead.
You miss the killer bee.
You feel sick. The killer bee barely misses you. The killer bee stings you.
You are more poisoned.
The killer bee poisons you!
The killer bee stings you but does no damage.
The killer bee stings you!
* * * LOW HITPOINT WARNING * * *
The killer bee closely misses you. The killer bee stings you.
* * * LOW HITPOINT WARNING * * *
You are more poisoned.
The killer bee poisons you!
It was a potion of curing.
You feel better. The killer bee barely misses you. The killer bee stings you.
* * * LOW HITPOINT WARNING * * *
You are poisoned.
The killer bee poisons you! The killer bee stings you.
* * * LOW HITPOINT WARNING * * *
The killer bee barely misses you. The killer bee stings you!
* * * LOW HITPOINT WARNING * * *
The killer bee stings you.
You die...

..#...............
...###..............
...##.#......<.....
##......#......###.#.
##.#............# ###.
#..#........##..# #.
#...>......###..# ##
#..yyy..........###..
###...@y...........#...
##.......#.....#......#.
#........##...##......#.
#..............#......#.
#.......................
###.....................
##....##.#............
##....###............
###...#..#...#..#...


You could see 4 killer bees.

Vanquished Creatures
  Sigmund (D:4)
  An orc warrior (D:6)
  A black bear (D:4)
  A sky beast (D:7)
  The ghost of Savior361 the Conjurer, an amateur DsCj (D:3)
  A centaur (D:7)
  Blork the orc (D:5)
  A scorpion (D:7)
  4 wights (D:6)
  2 killer bees (D:7)
  2 jellies
  A howler monkey (D:5)
  A hound (D:4)
  An orc priest (D:4)
  4 iguanas
  3 orc wizards (D:6)
  A sickly merfolk siren (Sewer)
  A malarious merfolk avatar (Sewer)
  4 gnolls (D:2)
  12 adders
  A shadow imp (D:7)
  2 white imps (D:6)
  2 ufetubi (D:5)
  3 worms
  6 dart slugs
  23 orcs
  5 bats
  6 endoplasms
  13 giant cockroaches
  6 goblins
  10 hobgoblins
  2 jackals (D:4)
  7 quokkas
  14 ball pythons
  5 frilled lizards
  10 kobolds
  28 rats
187 creatures vanquished.

Vanquished Creatures (others)
  A lemure (D:5)
1 creature vanquished.

Grand Total: 188 creatures vanquished

Notes
Turn   | Place    | Note
-------+----------+-------------------------------------------
     0 | D:1      | monsoonserge the Octopode Artificer began the quest for the
                  | Orb.
     0 | D:1      | Reached XP level 1. HP: 13/13 MP: 1/1
   115 | D:1      | Reached XP level 2. HP: 16/18 MP: 2/2
   250 | D:1      | Found Xawiem's Magic Scroll Shoppe.
   286 | D:1      | Bought a scroll of teleportation for 42 gold pieces
   596 | D:2      | Reached skill level 1 in Unarmed Combat
   596 | D:2      | Reached XP level 3. HP: 23/23 MP: 3/3
   749 | D:2      | Found a faded altar of an unknown god.
   758 | D:2      | Reached skill level 1 in Ranged Weapons
   785 | D:2      | Reached skill level 1 in Axes
   785 | D:2      | Reached XP level 4. HP: 23/28 MP: 4/4
  1090 | D:2      | Reached skill level 2 in Ranged Weapons
  1781 | D:3      | Reached XP level 5. HP: 33/33 MP: 5/5
  1818 | D:3      | Found a glowing drain.
  1867 | Sewer    | Entered a sewer
  2116 | Sewer    | Reached skill level 3 in Ranged Weapons
  2141 | Sewer    | Reached XP level 6. HP: 29/38 MP: 6/6
  2366 | D:1      | Bought a scroll of blinking for 105 gold pieces
  2734 | D:3      | Found a large runed translucent door.
  2736 | D:3      | Found a large runed translucent door.
  2738 | D:3      | Noticed Savior361's ghost (amateur DsCj)
  2784 | D:3      | Got Amysag's Handbook of Arcane Combat
  3254 | D:4      | Noticed Sigmund
  3451 | D:4      | Reached skill level 4 in Ranged Weapons
  3670 | D:4      | Reached XP level 7. HP: 41/43 MP: 7/7
  3705 | D:4      | Reached skill level 5 in Ranged Weapons
  3714 | D:4      | Identified the +2 leather armour of Jored {rPois rC- Dex+4}
  3897 | D:4      | Found a sparkling altar of Nemelex Xobeh.
  3897 | D:4      | Found a broken altar of Ashenzari.
  3897 | D:4      | Found a shimmering altar of Xom.
  4039 | D:3      | Killed Savior361's ghost
  4218 | D:4      | Killed Sigmund
  4219 | D:4      | Reached skill level 6 in Ranged Weapons
  4337 | D:5      | Entered Level 5 of the Dungeon
  4407 | D:5      | Noticed Blork the orc
  4419 | D:5      | Killed Blork the orc
  4420 | D:5      | Reached XP level 8. HP: 22/48 MP: 8/8
  4532 | D:5      | Found a hide-covered altar of Uskayaw.
  4814 | D:5      | Reached skill level 7 in Ranged Weapons
  4814 | D:5      | Found Bigydor's Self-Improvement Boutique.
  4932 | D:5      | Noticed Pikel
  5411 | D:6      | HP: 2/48 [orc warrior/+3 war axe of flaming (2)]
  5612 | D:6      | Reached skill level 8 in Ranged Weapons
  6288 | D:7      | Reached skill level 9 in Ranged Weapons
  6288 | D:7      | Reached XP level 9. HP: 54/54 MP: 9/9
  6398 | D:7      | HP: 2/54 [killer bee (8)]
  6398 | D:7      | Slain by a killer bee

Illustrated notes

Levels and vault maps discovered:
D:1:      dpeg_arrival_round_b, layout_rooms, serial_shops, shop
D:2:      layout_basic, hellmonk_ecumenical_altar_zigzags, serial_park_tiny_pond
D:3:      layout_basic, gup_sewer_entry_pipe, ebering_ghost_disaster_area
D:4:      minmay_thinvault, layout_loops_ring, gammafunk_temple_overflow_claw,
          uniq_sigmund
D:5:      layout_basic, mainiacjoe_overflow_24_doors, nicolae_shop_self_help,
          uniq_pikel, uniq_blork_the_orc
D:6:      layout_basic, glass_columns_c
D:7:      layout_cave_pools, minmay_temple_entry_fiery, serial_glass,
          glass_columns_a, glass_columns_b

Skill      XL: |  1  2  3  4  5  6  7  8 |
---------------+-------------------------+-----
Unarmed Combat | 1 2 3 4 |  4.9
Evocations     | 4 |  4.0
Ranged Weapons | 1 2 3 4 6 9 |  9.1
Axes           | 1 |  1.8
Dodging        | 3 |  3.0
Stealth        | 2 |  2.0
Fighting       | 2 |  2.0
Maces & Flails | |  0.6
Throwing       | |  0.3

Action                     |  1- 3 |  4- 6 |  7- 9 || total
---------------------------+-------+-------+-------++-------
  Melee: Club              |     7 |       |       ||     7
         Constrict         |    13 |    33 |    18 ||    64
         Mace              |     4 |       |       ||     4
         Tentacles         |     3 |    32 |    27 ||    62
         Hand axe          |    33 |     6 |       ||    39
         Whip              |       |   129 |    63 ||   192
         Punch             |       |       |     5 ||     5
         War axe           |       |       |    36 ||    36
   Fire: Sling             |    32 |   132 |    88 ||   252
         Orcbow            |       |       |     8 ||     8
  Throw: Boomerang         |       |       |     3 ||     3
         Dart              |       |       |     2 ||     2
  Evoke: Wand              |       |     4 |     4 ||     8
    Use: Potion            |       |       |     3 ||     3
   Stab: Sleeping          |     1 |     5 |       ||     6
         Distracted        |       |     1 |       ||     1
 Armour: Skin              |    29 |    68 |    83 ||   180
  Dodge: Dodged            |    33 |    90 |    64 ||   187

Table legend: (Time is in decaauts)
 A = Elapsed time spent in this place.
 B = Non-inter-level travel time spent in this place.
 C = Inter-level travel time spent in this place.
 D = Time resting spent in this place.
 E = Time spent auto-exploring this place.
 F = Levels seen in this place.
 G = Mean time per level.
                   A        B        C        D        E       F      G
               +--------+--------+--------+--------+--------+-----+--------+
         Total |   6398 |   5955 |    443 |    496 |   3170 |   8 |  799.8 |
       Dungeon |   5973 |   5530 |    443 |    496 |   3021 |   7 |  853.3 |
         Sewer |    424 |    424 |      0 |      0 |    149 |   1 |  424.0 |
               +--------+--------+--------+--------+--------+-----+--------+

Top non-repeatable levels by time:
     D:3: 1170 daAuts
     D:6: 1130 daAuts
     D:2: 1070 daAuts
     D:4: 1049 daAuts
     D:1: 627 daAuts
     D:5: 610 daAuts
   Sewer: 424 daAuts
     D:7: 314 daAuts
